[Event "*** Titled Tuesday Blitz"]
[Site "Chess.com"]
[Date "2020.04.07"]
[Round "7"]
[White "SanchezKelvin"]
[Black "ferdipy"]
[Result "1/2-1/2"]
[WhiteElo "2325"]
[BlackElo "2173"]
[TimeControl "180+1"]
[EndTime "14:21:06 PDT"]
[Termination "Game drawn by repetition"]

1. d4 Nf6 2. c4 e6 3. Nf3 Bb4+ 4.
Nbd2 O-O 5. g3 b6 6. Bg2 Bb7 7.
O-O Re8 8. Nb3 Bf8 9. a4 c5 10. d5 exd5 11. Nh4 g6 12. a5 Bg7 13. Re1 Qc8 14. cxd5 d6 15. e4 Nfd7 16. Bh3 Qc7 17. Nd2 b5 18. Qc2 Na6 19. Bf1 Nb4 20. Qd1 a6 21. Ra3 c4 22. Nhf3 Nc5 23. Nb1 Nxe4 24. Bf4 Nxd5 25. Bc1 Qc5 26. Be3 Nxe3 27. Raxe3 d5 28.
Nbd2 Bxb2 29. Qc2 Bg7 30. Nxe4 dxe4 31. Nd2 Bd4 32. Nxe4 Bxe4 33. Rxe4 Rxe4 34. Rxe4 Rd8 35. Kg2 Qd5 36. f3 Bg7 37. Qe2 Qd2 38. Re8+ Bf8 39. Rxd8 Qxd8 40. Qe5 Qxa5 41. Bxc4 Qd2+ 42. Be2 b4 43. Kh3 Qd7+ 44. g4 Qe6 45. Qxe6 fxe6 46. Bxa6 Kf7 47. Bc4 Kf6 48. f4 Bd6 49. f5 exf5 50.
gxf5 Kxf5 51. Kg2 h5 52. h4 Be7 53. Kh3 g5 54. hxg5 Bxg5 55. Kh2 Ke4 56. Kh1 Kd4 57. Bg8 h4 58. Kh2 Ke3 59. Kh1 Kf3 60. Bb3 Kg4 61.
Bc4 Kf4 62. Bb3 Kg3 63. Bc4 h3 64. Bb3 Be3 65. Bc4 h2 66. Bb3 Bg1 67. Bc4 Kf2 68. Bb3 Ke1 69. Be6 Kd2 70. Bb3 Kc3 71. Be6 Kd4 72. Bf7 Kc3 73. Bg8 Kb2 74. Bf7 Kc1 75. Be6 Kd2 76. Bd5 Ke3 77. Be6 Kd4 78. Bg8 Ke5 79. Bf7 Kd4 80. Bb3 Kc3 81. Bg8 Kb2 82.
Bf7 Kc2 83. Bg8 Kc3 84. Bf7 Kc2 85. Bg6+ Kc3 86. Bf7 Kd2 87. Bg8 Ke3 88. Bf7 Kf4 89.
Bg8 Kg5 90. Bb3 Kh6 91. Bc4 Kg7 92. Bb3 Kf6 93. Bc4 Ke5 94. Bb3 Kd4 95. Bg8 Kc3 96. Bf7 1/2-1/2

[Event "*** Titled Tuesday Blitz"]
[Site "Chess.com"]
[Date "2020.04.07"]
[Round "7"]
[White "IMTominho"]
[Black "Azerichess"]
[Result "1/2-1/2"]
[WhiteElo "2835"]
[BlackElo "3014"]
[TimeControl "180+1"]
[EndTime "14:21:09 PDT"]
[Termination "Game drawn by repetition"]

1. d4 Nf6 2. c4 g6 3. Nc3 d5 4. Nf3 Bg7 5. Bg5 Ne4 6. cxd5 Nxg5 7.
Nxg5 e6 8. Nf3 exd5 9. e3 O-O 10.
Be2 c6 11. O-O a5 12. a3 Qd6 13. Na4 Bg4 14. Nc5 Nd7 15. b4 b6 16. Nxd7 Bxd7 17.
Qb3 Rfb8 18. Rab1 Bf8 19. Rfc1 Be8 20. Qc3 axb4 21. axb4 Ra4 22. Ne5 Rc8 23. Bf3 f6 24. Nd3 Rca8 25. b5 Rc4 26. Qb3 Ra3 27. Qd1 cxb5 28.
h4 b4 29. Nf4 Bc6 30. Qe2 b5 31. Rc2 Rac3 32. Rd2 b3 33. g3 b4 34. Kg2 Bh6 35. Nd3 Bb5 36. Nc5 Rxd4 37. Qxb5 Rxd2 38. Nxb3 Ra2 39.
Nd4 Rxf2+ 40. Kxf2 Bxe3+ 41. Kg2 Bxd4 42. Qxd5+ Qxd5 43. Bxd5+ Kg7 44. Rxb4 Be5 45. Bf3 Rc2+ 46. Kh3 Rc3 47. Kg2 h5 48. Re4 Rc2+ 49. Re2 Rc3 50. Ra2 Rc5 51. Re2 Kh6 52. Re3 f5 53. Be2 f4 54.
gxf4 Bxf4 55. Re4 Rc2 56. Rxf4 Rxe2+ 57. Kf3 Ra2 58. Rf6 Ra3+ 59. Kg2 Ra4 60. Kg3 Rg4+ 61.
Kh3 Ra4 62. Re6 Kg7 63. Rd6 Rf4 64. Kg3 Rg4+ 65. Kh3 Re4 66. Kg3 Kf7 67. Rc6 Re6 68. Rc5 Kf6 69. Ra5 Re3+ 70. Kg2 Re5 71. Ra4 Kf5 72.
Kf3 Rc5 73. Ra3 Rc4 74. Kg3 Rg4+ 75. Kh3 Re4 76. Ra5+ Kf4 77. Rg5 Re3+ 78. Kh2 Re6 79. Kh3 Rd6 80. Kh2 Re6 81. Kh3 Rd6 82. Kh2 Re6 1/2-1/2

[Event "*** Titled Tuesday Blitz"]
[Site "Chess.com"]
[Date "2020.04.07"]
[Round "7"]
[White "ftorodent"]
[Black "mc4chess"]
[Result "1-0"]
[WhiteElo "2571"]
[BlackElo "2385"]
[TimeControl "180+1"]
[EndTime "14:21:11 PDT"]
[Termination "ftorodent won by checkmate"]

1. d4 Nf6 2. c4 e6 3. Nf3 b6 4. a3 Bb7 5. Nc3 Ne4 6. Nxe4 Bxe4 7.
e3 Be7 8. Bd3 Bxd3 9. Qxd3 d5 10. e4 dxc4 11. Qxc4 O-O 12. Be3 Qd7 13. Rc1 c5 14.
dxc5 Bxc5 15. Bxc5 bxc5 16. O-O Qb7 17. Qxc5 Qxe4 18. Rfd1 h6 19. h3 Qb7 20. Ne5 Qxb2 21. Rb1 Qe2 22. Qd6 Qa6 23. Rb3 Qxd6 24. Rxd6 a5 25.
Rc3 Ra7 26. Rc5 g6 27. h4 Kg7 28. h5 g5 29. Nc4 Nd7 30. Rxa5 Rc7 31. Ne3 Nf6 32.
g4 Rb8 33. Rd2 Rb1+ 34. Kg2 Ra1 35. Ra6 Ne4 36. Rb2 Nc5 37. Ra8 Nd3 38. Rd2 Nf4+ 39.
Kf3 Rh1 40. Ke4 Rb7 41. a4 Ra1 42. a5 Rb4+ 43. Rd4 Rba4 44. Rxa4 Rxa4+ 45. Ke5 Nd3+ 46. Kd6 Nxf2 47. a6 Nxg4 48. Nxg4 Rxg4 49. Rc8 Ra4 50. Rc6 g4 51. Kc7 g3 52. Kb7 Rb4+ 53. Kc7 g2 54.
Rc1 Rc4+ 55. Rxc4 g1=Q 56. Kb7 Qg2+ 57. Rc6 Qb2+ 58. Rb6 Qg2+ 59. Kb8 Qf2 60. Rb7 Qf4+ 61. Rc7 Qb4+ 62. Rb7 Qf8+ 63. Kc7 Qa8 64. a7 e5 65. Kb6 e4 66. Rb8 Qxa7+ 67. Kxa7 f5 68. Kb6 e3 69.
Re8 f4 70. Kc5 Kf6 71. Kd4 Kf5 72. Kd3 Kg4 73. Ke2 Kg5 74. Kf3 Kxh5 75. Kxf4 Kh4 76. Rxe3 h5 77. Re2 Kh3 78. Re5 h4 79. Kf3 Kh2 80.
Kf2 h3 81. Rh5 Kh1 82. Rxh3# 1-0

[Event "*** Titled Tuesday Blitz"]
[Site "Chess.com"]
[Date "2020.04.07"]
[Round "7"]
[White "sorrm8thatscheckm8"]
[Black "GianmarcoVaR"]
[Result "1/2-1/2"]
[WhiteElo "2456"]
[BlackElo "2636"]
[TimeControl "180+1"]
[EndTime "14:21:16 PDT"]
[Termination "Game drawn - insufficient material"]

1. d4 Nf6 2. c4 e6 3. Nf3 Bb4+ 4.
Bd2 c5 5. Bxb4 cxb4 6. e3 O-O 7.
Bd3 d6 8. Nbd2 Nc6 9. Qc2 h6 10.
O-O e5 11. Ne4 Bg4 12. d5 Bxf3 13. dxc6 Bxe4 14. Bxe4 Nxe4 15. Qxe4 bxc6 16. Qxc6 Rc8 17. Qd5 Rc5 18. Qd3 d5 19. Rfd1 Rxc4 20. Qxd5 Qc7 21.
h3 a5 22. Rd2 Rc5 23. Qd3 Re8 24. Rad1 e4 25. Qd4 Kh7 26. a3 bxa3 27. bxa3 Re6 28. Qd7 Qxd7 29. Rxd7 Kg6 30. a4 Rc4 31. R1d4 Rec6 32.
Kh2 Kf6 33. R7d5 Rxd4 34. Rxd4 Ke5 35. Kg3 Rc7 36. f4+ exf3 37. gxf3 f5 38. h4 g5 39. hxg5 hxg5 40. f4+ gxf4+ 41. Rxf4 Rc2 42. Kf3 Rc3 43. Rh4 Rb3 44. Rc4 Kd6 45. Rd4+ Ke6 46.
Rc4 Rb4 47. Rc6+ Kd5 48. Rf6 Ke5 49. Ra6 Rxa4 50. Ra8 Ra1 51. Re8+ Kf6 52. Rf8+ Ke6 53. Re8+ Kf7 54. Ra8 a4 55. Kf4 Rf1+ 56. Ke5 Rf3 57. Ra7+ Kg6 58. e4 Kg5 59. Rxa4 f4 60. Kd4 Rf1 61.
Ra5+ Kg4 62. Ra8 Rd1+ 63. Ke5 f3 64. Rg8+ Kh3 65. Rf8 Kg3 66. Rg8+ Kh2 67. Rh8+ Kg3 68.
Rg8+ Kf2 69. Kf4 Ke2 70. Ra8 f2 71. Ra2+ Rd2 72. Ra1 Rd1 73. Ra2+ Ke1 74. Rxf2 Kxf2 75. e5 Rd4+ 76. Kf5 Ke3 77. e6 Rf4+ 78. Ke5 Re4+ 79. Kd6 Kf4 80. e7 Kf5 81. Kd7 Rd4+ 82. Kc7 Rc4+ 83.
Kd7 Re4 84. e8=Q Rxe8 85. Kxe8 1/2-1/2

[Event "*** Titled Tuesday Blitz"]
[Site "Chess.com"]
[Date "2020.04.07"]
[Round "7"]
[White "GuerrieroFromLevant"]
[Black "suyu28"]
[Result "0-1"]
[WhiteElo "2323"]
[BlackElo "2499"]
[TimeControl "180+1"]
[EndTime "14:21:18 PDT"]
[Termination "suyu28 won by resignation"]

1. e4 e5 2. Nf3 Nc6 3. Bb5 a6 4. Ba4 Nf6 5. O-O b5 6. Bb3 Be7 7. d4 d6 8. dxe5 Nxe5 9. Nxe5 dxe5 10. Qxd8+ Bxd8 11. Nc3 c6 12. Bg5 h6 13. Bxf6 Bxf6 14. Rad1 Ke7 15. Rd3 Bb7 16. Rfd1 Rhd8 17. Rxd8 Rxd8 18. Rxd8 Kxd8 19. Bxf7 Ke7 20. Bb3 Kd6 21.
Kf1 Bg5 22. Ke2 Bc1 23. Nd1 c5 24. c4 Bxe4 25. Nc3 Bxg2 26. cxb5 Bxb2 27. Nd1 Bd4 28.
bxa6 Kc7 29. Ne3 Bc6 30. Bc4 Kb6 31. Nf5 Ka5 32. Nd6 Kb4 33. f3 Ba8 34. Bd3 g5 35.
Be4 Bxe4 36. fxe4 c4 37. Nc8 Ka3 38. a7 Bxa7 39. Nxa7 Kxa2 40. Nc6 c3 41. Nxe5 Kb3 42. Nd3 Kc4 43. Ke3 c2 44. Nc1 h5 45. Ne2 g4 46. Nc1 h4 47. Kf4 g3 48. hxg3 h3 49. Kf3 Kc3 50. e5 Kd2 51. Na2 Ke1 52.
e6 Kf1 53. e7 h2 54. e8=Q h1=Q+ 55. Kg4 Qd5 56. Qf8+ Kg2 57. Qa3 Qc4+ 58. Kg5 Qd5+ 59. Kf4 Qd4+ 60. Kf5 Qd5+ 61. Kf6 Qd4+ 62. Ke6 Qe4+ 63.
Kd6 Qg6+ 64. Kc7 Qg7+ 65. Kb6 Qg6+ 66. Kb5 Qxg3 67. Qc1 Qd3+ 68. Ka4 Qc4+ 69. Nb4 Qc3 70. Nxc2 Qc4+ 71. Ka3 Qc3+ 72. Ka2 Qc4+ 73. Kb2 Qb5+ 74.
Kc3 Qc5+ 75. Kd2 Qd5+ 76. Ke1 Qa5+ 77. Ke2 Qb5+ 78. Kd2 Qa5+ 79. Kd1 Qd5+ 80. Ke2 Qb5+ 81. Kd2 Qa5+ 82. Kd3 Qa6+ 83. Kd4 Qa7+ 84. Ke4 Qb7+ 85. Kf4 Qc7+ 86. Kg4 Qg7+ 87. Kf4 Qh6+ 88. Ke4 Qxc1 89.
Ne3+ Kh1 0-1

[Event "*** Titled Tuesday Blitz"]
[Site "Chess.com"]
[Date "2020.04.07"]
[Round "7"]
[White "StoreySniper"]
[Black "Shahinyan_ChessMood"]
[Result "0-1"]
[WhiteElo "2525"]
[BlackElo "2676"]
[TimeControl "180+1"]
[EndTime "14:21:32 PDT"]
[Termination "Shahinyan_ChessMood won on time"]

1. e4 e6 2. Nf3 d5 3. Nc3 Nf6 4. e5 Nfd7 5. d4 c5 6. Ne2 Nc6 7. c3 cxd4 8. cxd4 Bb4+ 9. Nc3 O-O 10. Bd3 f5 11. O-O a6 12. Ne2 Re8 13. Nf4 Nf8 14.
h4 Be7 15. g3 b5 16. Bd2 Bd7 17. Rc1 Rc8 18. Qe2 Qb6 19. Be3 Na5 20. b3 Rxc1 21. Rxc1 Rc8 22. Rxc8 Bxc8 23. Bc2 Nc6 24. Nd3 Qa5 25.
Bb1 Qc3 26. Qc2 Qxc2 27. Bxc2 b4 28. Bg5 Bxg5 29. hxg5 Nd7 30. Nf4 Nf8 31. Bd3 Kf7 32. Be2 Ke7 33. Kf1 Nd7 34. Ke1 Nb6 35. Kd2 Na8 36.
Ke3 Nc7 37. Nd3 Nb5 38. Nc5 Nc3 39. Bxa6 Bxa6 40. Nxa6 Nxa2 41. Kd2 Nc3 42. Kd3 Ne4 43. Ke3 g6 44. Nc5 Nxd4 45. Nxe4 Nxf3 46. Nf6 Nxe5 47. Nxh7 Kd6 48. f4 Ng4+ 49. Kd4 e5+ 50. fxe5+ Nxe5 51. Nf8 Nf3+ 52. Ke3 Nxg5 53. Nxg6 Ne6 54. Nh4 Ke5 55.
Nf3+ Kf6 56. Ne1 Kg5 57. Nd3 Kg4 58. Kf2 d4 59. Nxb4 Nc5 60. Nc6 Nxb3 61. Ne5+ Kg5 62. Nd3 Kf6 63. Kf3 Nd2+ 64. Kf4 Nc4 65. Nc5 Nb6 66. Kf3 Nd5 67. Nd3 Ke6 68. g4 fxg4+ 69. Kxg4 Ne3+ 70. Kf3 Kd5 71. Ke2 Kc4 72. Nf4 Kc3 73.
Ke1 Ng4 74. Ke2 Ne5 75. Ke1 Nd3+ 0-1

[Event "*** Titled Tuesday Blitz"]
[Site "Chess.com"]
[Date "2020.04.07"]
[Round "7"]
[White "GeorgMeier"]
[Black "VerdeNotte"]
[Result "1-0"]
[WhiteElo "3003"]
[BlackElo "2743"]
[TimeControl "180+1"]
[EndTime "14:21:35 PDT"]
[Termination "GeorgMeier won by resignation"]

1. Nf3 c5 2. g3 Nc6 3. c4 g6 4. Nc3 Bg7 5. Bg2 d6 6. O-O e6 7.
a3 Nge7 8. Rb1 a5 9. d3 O-O 10. Bd2 Rb8 11. Qa4 b6 12. Rfc1 Bb7 13. e3 Ne5 14. Nxe5 dxe5 15. Qc2 Bxg2 16. Kxg2 Rb7 17. b4 axb4 18. axb4 Rd7 19. bxc5 bxc5 20. Ne4 Rxd3 21. Be1 Nf5 22. Kg1 Ra3 23. Nxc5 Qa8 24.
Qe4 Qa7 25. Bb4 Ra2 26. Nxe6 fxe6 27. Bxf8 Bxf8 28. Qxe5 Qf7 29. Rb2 Bd6 30. Qc3 Ra3 31. Rb3 Ra8 32. c5 Rc8 33. Rb5 Bf8 34. Qb3 h5 35. Rb8 Rc7 36. c6 Kh7 37. Rb7 Bd6 38. Rxc7 Bxc7 39. Rd1 Nd6 40. Qb4 Qf8 41. Qf4 Qe7 42. h4 e5 43. Qb4 e4 44. Qd4 Qf7 45.
Qd5 Qf3 46. Rd2 Qf6 47. Qd4 Qe6 48. Qa7 Qe7 49. Qa2 Kg7 50. Qd5 Qf8 51. Ra2 Qb8 52.
Kg2 Qc8 53. Ra7 Qb8 54. Qd4+ Kf7 55. Qd5+ Ke7 56. Ra2 Qd8 57. Qe5+ Kf7 58. Rd2 Qe7 59.
Qxe7+ Kxe7 60. Rd5 Ke6 61. Rg5 Kf6 62. g4 hxg4 63. Rxg4 Nf5 64. Rxe4 Ne7 65. Rc4 Ke5 66. Rg4 Kd5 67. h5 gxh5 68. Rg5+ Kxc6 69. Rxh5 Kd7 70. Kf3 Ke6 71. Ke4 Ng8 72. Rh1 Nf6+ 73. Kf3 Kf5 74. Ke2 Ne4 75. Rg1 Be5 76. Rg8 Nf6 77. Rf8 Ke6 78.
Ra8 Bd6 79. Ra6 Kd5 80. f4 Nd7 81. Ra5+ Ke6 82. Kf3 Nc5 83. Rb5 Kd5 84. e4+ Kc4 85. Rb6 Be7 86. Rc6 Kb5 87. Rc7 Bd6 88. Rc8 Nd7 89.
Rd8 Kc6 90. Rh8 Kc5 91. Rh6 Be7 92. e5 Nf8 93. Ra6 Kd5 94. Ra5+ Ke6 95. Ke4 Bb4 96. Ra6+ Kd7 97. f5 Bc3 98. Ra7+ Kc6 99. e6 Bf6 100. Rf7 Nxe6 101. Rxf6 Kd7 102. Rxe6 Kd8 103. Ke5 Kd7 104. Kf6 1-0

[Event "*** Titled Tuesday Blitz"]
[Site "Chess.com"]
[Date "2020.04.07"]
[Round "8"]
[White "Philosopherrr"]
[Black "kleinebeer98"]
[Result "1-0"]
[WhiteElo "2451"]
[BlackElo "2709"]
[TimeControl "180+1"]
[EndTime "14:28:59 PDT"]
[Termination "Philosopherrr won by resignation"]

1. e4 e5 2. Nf3 Nc6 3. Bb5 f5 4.
d3 fxe4 5. dxe4 Nf6 6. O-O d6 7. Qd3 Be7 8. a3 O-O 9. Nc3 Kh8 10. h3 Qe8 11. Nd5 Bd8 12. Be3 Qh5 13. Nxf6 Rxf6 14. Nh2 Bxh3 15. gxh3 Qxh3 16. Kh1 Rh6 17. Bxh6 1-0

[Event "*** Titled Tuesday Blitz"]
[Site "Chess.com"]
[Date "2020.04.07"]
[Round "8"]
[White "IgorBjelobrk"]
[Black "erlesfar"]
[Result "1-0"]
[WhiteElo "2608"]
[BlackElo "2028"]
[TimeControl "180+1"]
[EndTime "14:29:18 PDT"]
[Termination "IgorBjelobrk won by resignation"]

1. d4 Nf6 2. c4 c5 3. d5 b5 4.
cxb5 a6 5. bxa6 g6 6. Nc3 Bg7 7. e4 O-O 8. e5 Ne8 9. Nf3 d6 10. e6 fxe6 11. h4 Bxa6 12. h5 Bxf1 13. Kxf1 Nd7 14.
hxg6 hxg6 15. dxe6 Ne5 16. Nxe5 Bxe5 17. Qg4 Rf6 18.
Nd5 1-0

[Event "*** Titled Tuesday Blitz"]
[Site "Chess.com"]
[Date "2020.04.07"]
[Round "8"]
[White "1977Ivan"]
[Black "THORK"]
[Result "1-0"]
[WhiteElo "2724"]
[BlackElo "2370"]
[TimeControl "180+1"]
[EndTime "14:29:23 PDT"]
[Termination "1977Ivan won by resignation"]

1. c4 g6 2. Nc3 Bg7 3. d4 c5 4. d5 Bxc3+ 5. bxc3 f5 6. h4 h5 7. Qa4 Nf6 8. Nh3 Qb6 9. f3 Qa6 10. Qxa6 Nxa6 11. d6 e5 12. Bg5 Kf7 13. O-O-O Re8 14. e4 Nb8 15. exf5 gxf5 16. Bd3 f4 17. Bxf6 Kxf6 18.
Ng5 b6 19. Be4 Nc6 20. Bxc6 dxc6 21. d7 1-0

[Event "*** Titled Tuesday Blitz"]
[Site "Chess.com"]
[Date "2020.04.07"]
[Round "8"]
[White "imdarealist"]
[Black "stasiek18"]
[Result "0-1"]
[WhiteElo "2232"]
[BlackElo "2408"]
[TimeControl "180+1"]
[EndTime "14:29:23 PDT"]
[Termination "stasiek18 won by resignation"]

1. d4 Nf6 2. Bf4 e6 3. e3 c5 4. Nd2 d5 5. c3 Nc6 6. Bd3 Bd6 7. Bxd6 Qxd6 8. f4 cxd4 9. cxd4 Bd7 10. Ngf3 Nb4 11. Be2 Rc8 12. O-O Nc2 13. Rc1 Nxe3 14. Rxc8+ Bxc8 15. Qa4+ Bd7 16. Qxa7 Nxf1 17. Qa8+ Ke7 18.
Qxh8 Nxd2 19. Nxd2 Qxf4 20. Nf3 Qe3+ 21. Kf1 Ne4 0-1

[Event "*** Titled Tuesday Blitz"]
[Site "Chess.com"]
[Date "2020.04.07"]
[Round "8"]
[White "SGchess01"]
[Black "gmkomarov"]
[Result "1/2-1/2"]
[WhiteElo "2777"]
[BlackElo "2528"]
[TimeControl "180+1"]
[EndTime "14:29:41 PDT"]
[Termination "Game drawn by agreement"]

1. e4 e6 2. d4 d5 3. exd5 exd5 4.
Nf3 Bd6 5. c4 dxc4 6. Bxc4 Nf6 7.
O-O O-O 8. Nc3 Nc6 9. h3 h6 10. a3 Bf5 11. Re1 a6 12. d5 Ne7 13. Nd4 Bh7 14.
Qf3 Ng6 15. Bd3 Ne5 16. Bxh7+ Nxh7 17. Qf5 Nf6 18. Bf4 Nc4 19. Bxd6 Nxd6 20. Qf4 Re8 21. Rxe8+ Qxe8 22. Rc1 Qd7 23. Nf3 Re8 24. Kh2 1/2-1/2

[Event "*** Titled Tuesday Blitz"]
[Site "Chess.com"]
[Date "2020.04.07"]
[Round "8"]
[White "Fins0905"]
[Black "NIGWAPO"]
[Result "1-0"]
[WhiteElo "2742"]
[BlackElo "2592"]
[TimeControl "180+1"]
[EndTime "14:29:43 PDT"]
[Termination "Fins0905 won by resignation"]

1. e4 g5 2. d4 d5 3. exd5 Qxd5 4.
c4 Qe4+ 5. Be3 h6 6. Nc3 Qg6 7.
Nf3 c6 8. Ne5 Qd6 9. c5 Qc7 10.
Bc4 e6 11. Qf3 Bg7 12. Ne4 f5 13. Nd6+ Kd8 14. Nef7+ Ke7 15. Nxh8 Bxh8 16. Qh5 Kf8 17. Qe8+ Kg7 18. Qxc8 1-0

[Event "*** Titled Tuesday Blitz"]
[Site "Chess.com"]
[Date "2020.04.07"]
[Round "8"]
[White "freshfoodcompany"]
[Black "j2806"]
[Result "1-0"]
[WhiteElo "2225"]
[BlackElo "2006"]
[TimeControl "180+1"]
[EndTime "14:29:49 PDT"]
[Termination "freshfoodcompany won by resignation"]

1. d4 Nf6 2. c4 e6 3. Nc3 d5 4. cxd5 exd5 5. Bg5 Be7 6. e3 c6 7.
Bd3 Nbd7 8. Nge2 O-O 9. O-O Re8 10. f3 Nf8 11. Qc2 g6 12. Rad1 Ne6 13. Bh4 Ng7 14. Rfe1 Bf5 15. e4 dxe4 16. fxe4 Nxe4 17. Bxe7 Qxe7 18.
Ng3 Nxc3 19. Rxe7 Nxd1 20. Rxe8+ Rxe8 21. Qxd1 Bxd3 22. Qxd3 Re1+ 23. Kf2 Re8 24. Ne4 Nf5 25. Nf6+ 1-0

[Event "*** Titled Tuesday Blitz"]
[Site "Chess.com"]
[Date "2020.04.07"]
[Round "8"]
[White "Kiborg95"]
[Black "champ2005"]
[Result "0-1"]
[WhiteElo "2678"]
[BlackElo "2981"]
[TimeControl "180+1"]
[EndTime "14:29:50 PDT"]
[Termination "champ2005 won by resignation"]

1. e4 c6 2. d4 d5 3. e5 Bf5 4. h4 h6 5. g4 Be4 6. f3 Bh7 7. e6 Qd6 8. exf7+ Kxf7 9. f4 Nf6 10. Nf3 Nxg4 11. h5 Nd7 12. Bh3 Ngf6 13. Ne5+ Kg8 14.
Nc3 e6 15. Qe2 Ne4 16. Nxe4 Bxe4 17. Rg1 Nxe5 18. fxe5 Qb4+ 19. c3 Qe7 20. Be3 Qh4+ 21. Kd2 Qxh3 0-1

[Event "*** Titled Tuesday Blitz"]
[Site "Chess.com"]
[Date "2020.04.07"]
[Round "8"]
[White "youngKID"]
[Black "Eltaj_Safarli"]
[Result "0-1"]
[WhiteElo "2824"]
[BlackElo "3055"]
[TimeControl "180+1"]
[EndTime "14:29:59 PDT"]
[Termination "Eltaj_Safarli won by resignation"]

1. Nf3 Nf6 2. g3 g6 3. Bg2 Bg7 4. c4 O-O 5. Nc3 c6 6. O-O d5 7.
cxd5 cxd5 8. d4 Ne4 9. Ne5 Bf5 10. Qb3 Nc6 11. Nxc6 bxc6 12. Nxe4 dxe4 13. Rd1 Rb8 14. Qc3 Qb6 15. b3 c5 16. Be3 Qa6 17. Qxc5 Rfc8 18. Qxe7 Bf6 0-1

[Event "*** Titled Tuesday Blitz"]
[Site "Chess.com"]
[Date "2020.04.07"]
[Round "8"]
[White "Grandmaster2B"]
[Black "picturesquecheck"]
[Result "1-0"]
[WhiteElo "2528"]
[BlackElo "2154"]
[TimeControl "180+1"]
[EndTime "14:30:24 PDT"]
[Termination "Grandmaster2B won by resignation"]

1. e4 c5 2. Nf3 Nc6 3. d4 cxd4 4. Nxd4 Nf6 5. Nc3 d6 6. f3 e5 7. Nb3 Be7 8. Be3 Be6 9. Qd2 O-O 10. O-O-O a5 11. Kb1 a4 12. Nc1 a3 13. b3 Qa5 14.
g4 Rfd8 15. g5 Nd7 16. h4 Nc5 17. Nd5 Bxd5 18. Qxa5 Rxa5 19. exd5 Nb4 20. Bd2 Nca6 21. Bxa6 1-0

[Event "*** Titled Tuesday Blitz"]
[Site "Chess.com"]
[Date "2020.04.07"]
[Round "8"]
[White "reigningmvp"]
[Black "medalja"]
[Result "0-1"]
[WhiteElo "2277"]
[BlackElo "2446"]
[TimeControl "180+1"]
[EndTime "14:30:36 PDT"]
[Termination "medalja won by resignation"]

1. Nf3 d5 2. g3 c6 3. Bg2 Bg4 4. O-O Nd7 5. c4 e6 6. Nc3 Ngf6 7. h3 Bh5 8. d4 Bd6 9. b3 O-O 10. Bb2 Ne4 11. Nxe4 dxe4 12. Ne5 f5 13. Qd2 Nxe5 14. dxe5 Bc5 15. Qxd8 Raxd8 16. g4 fxg4 17. hxg4 Bxg4 18.
Rae1 Bb4 19. Rb1 Bxe2 20. Rfe1 Bxe1 21. Rxe1 Bf3 22. Rxe4 Bxe4 23. Bxe4 Rd1+ 24. Kg2 Rd2 25. Ba3 Rfxf2+ 26. Kg3 Rxa2 27. Bd6 Rfb2 0-1

[Event "*** Titled Tuesday Blitz"]
[Site "Chess.com"]
[Date "2020.04.07"]
[Round "8"]
[White "csati17"]
[Black "Ovsiannikov_Maxim"]
[Result "1-0"]
[WhiteElo "2460"]
[BlackElo "2221"]
[TimeControl "180+1"]
[EndTime "14:30:45 PDT"]
[Termination "csati17 won by resignation"]

1. c4 Nc6 2. Nc3 e5 3. g3 f5 4. Bg2 Nf6 5. e3 Bb4 6. Nge2 O-O 7. O-O a5 8. d4 exd4 9. exd4 Qe8 10. Nb5 Qd8 11.
a3 Be7 12. Qc2 d6 13. Nf4 Ne4 14. Nd5 Rb8 15. Re1 Be6 16. Bxe4 fxe4 17. Qxe4 Bxd5 18. cxd5 Bf6 19. dxc6 bxc6 20. Qxc6 Rb6 21. Qxc7 Rxb5 22. Qc4+ 1-0

[Event "*** Titled Tuesday Blitz"]
[Site "Chess.com"]
[Date "2020.04.07"]
[Round "8"]
[White "Kavyev_Ruslan"]
[Black "Stormeman100100"]
[Result "1-0"]
[WhiteElo "2619"]
[BlackElo "2482"]
[TimeControl "180+1"]
[EndTime "14:30:49 PDT"]
[Termination "Kavyev_Ruslan won by resignation"]

1. e4 c5 2. Nf3 e6 3. d4 cxd4 4.
Nxd4 Nc6 5. Nb5 d6 6. Bf4 e5 7. Be3 a6 8. N5c3 Be7 9. Nd5 Nf6 10. Bb6 Qd7 11. Nc7+ Kf8 12. Nxa8 Nxe4 13. Bd3 Nf6 14. O-O e4 15. Be2 d5 16. c3 Bd6 17. Be3 h5 18.
Nb6 Qe6 19. Nxc8 Bxh2+ 20. Kxh2 Ng4+ 21. Kg1 Qe5 22. Bxg4 hxg4 23. Re1 Qh2+ 24. Kf1 Qh1+ 25. Ke2 Qxg2 26. Kd2 Ne5 27. Kc2 Nd3 28. Rg1 Qh2 29. Nd2 Nxf2 30. Bxf2 Qxf2 31. Qxg4 Rh2 32. Qxg7+ Ke8 33.
Nd6+ Ke7 34. Qxf7+ Qxf7 35. Nxf7 e3 36. Rae1 Rxd2+ 37. Kc1 Kxf7 38. Rxe3 Rf2 39. Ree1 b5 40. Rgf1 1-0

[Event "*** Titled Tuesday Blitz"]
[Site "Chess.com"]
[Date "2020.04.07"]
[Round "8"]
[White "Fy_Rakotomaharo"]
[Black "WelshTiger"]
[Result "1-0"]
[WhiteElo "2582"]
[BlackElo "2409"]
[TimeControl "180+1"]
[EndTime "14:30:50 PDT"]
[Termination "Fy_Rakotomaharo won by resignation"]

1. e4 c5 2. Nf3 Nc6 3. Nc3 d6 4. d4 cxd4 5. Nxd4 Nf6 6. Bg5 Bd7 7. f4 Qb6 8. Bxf6 gxf6 9. Nb3 Qe3+ 10. Qe2 Qxf4 11. Nd5 Qg5 12. Nc7+ Kd8 13. Nxa8 Bh6 14. g3 Bg4 15. Qf2 Qe5 16. Bd3 Qxb2 17. O-O Kd7 18.
Nb6+ axb6 19. Qxb6 Rb8 20. Nc5+ dxc5 21. Qxb2 Be3+ 22.
Kg2 1-0

[Event "*** Titled Tuesday Blitz"]
[Site "Chess.com"]
[Date "2020.04.07"]
[Round "8"]
[White "StephenDedalus83"]
[Black "DanielRensch"]
[Result "0-1"]
[WhiteElo "2738"]
[BlackElo "2571"]
[TimeControl "180+1"]
[EndTime "14:31:00 PDT"]
[Termination "DanielRensch won by resignation"]

1. e4 c5 2. Nf3 d6 3. d4 cxd4 4.
Nxd4 Nf6 5. Nc3 g6 6. Be3 Bg7 7. f3 O-O 8. Bc4 Nc6 9. Bb3 Bd7 10. h4 Na5 11. g4 Nxb3 12. axb3 e5 13. Nde2 Be6 14.
Nd5 Bxd5 15. exd5 e4 16. Ng3 exf3 17. Qxf3 Re8 18. Kf2 Rxe3 19. Kxe3 Qb6+ 20. Kd3 Nd7 21. Qe3 Qb4 22. Ne4 Ne5+ 23. Ke2 Nxg4 24. Qf4 Re8 25. Ra4 Qb5+ 26. Kf3 f5 27. Nc3 Bxc3 28. bxc3 Qe2+ 29. Kg3 Re3+ 0-1

[Event "*** Titled Tuesday Blitz"]
[Site "Chess.com"]
[Date "2020.04.07"]
[Round "8"]
[White "GeorgMeier"]
[Black "kuli4ik"]
[Result "1-0"]
[WhiteElo "3007"]
[BlackElo "2785"]
[TimeControl "180+1"]
[EndTime "14:31:02 PDT"]
[Termination "GeorgMeier won by resignation"]

1. Nf3 g6 2. g3 Bg7 3. d4 d6 4. Bg2 Nd7 5. O-O e5 6. dxe5 dxe5 7. a4 Ne7 8. Nc3 O-O 9. Qd2 c6 10. Rd1 Qc7 11. Ne4 Nf6 12. Qd6 Qxd6 13. Nxd6 Rd8 14.
Nxe5 Bf5 15. Nexf7 Rf8 16. Nh6+ Bxh6 17. Bxh6 Bxc2 18.
Bxf8 1-0

[Event "*** Titled Tuesday Blitz"]
[Site "Chess.com"]
[Date "2020.04.07"]
[Round "8"]
[White "SerGo055"]
[Black "bascheyaro"]
[Result "1-0"]
[WhiteElo "2569"]
[BlackElo "2749"]
[TimeControl "180+1"]
[EndTime "14:31:10 PDT"]
[Termination "SerGo055 won by checkmate"]

1. d4 d5 2. Nf3 Bf5 3. Bf4 e6 4. e3 c5 5. Bxb8 Qxb8 6. Bb5+ Kd8 7. dxc5 Bxc5 8. O-O Nf6 9. c4 a6 10. Ba4 b5 11. cxb5 axb5 12. Bc2 Bxc2 13. Qxc2 Bd6 14. h3 Kd7 15. Nbd2 Rc8 16. Qd3 Qb7 17. Rfe1 Ke7 18. e4 dxe4 19. Nxe4 Nxe4 20. Rxe4 Rd8 21. Rd4 h6 22. Rd1 Bc7 23. Rd7+ Ke8 24. Ne5 Qb6 25.
Qh7 Rxd7 26. Qg8+ Ke7 27. Qxf7+ Kd8 28. Qxd7# 1-0

[Event "*** Titled Tuesday Blitz"]
[Site "Chess.com"]
[Date "2020.04.07"]
[Round "8"]
[White "aa175"]
[Black "jeaston1"]
[Result "1-0"]
[WhiteElo "2276"]
[BlackElo "2420"]
[TimeControl "180+1"]
[EndTime "14:31:14 PDT"]
[Termination "aa175 won by resignation"]

1. d4 d5 2. Bf4 Nf6 3. e3 e6 4. Nf3 c5 5. c3 Nc6 6. Nbd2 Nh5 7.
Be5 f6 8. Bg3 g6 9. Bd3 Be7 10.
dxc5 Bxc5 11. e4 O-O 12. exd5 Qxd5 13. Qe2 Kh8 14. O-O-O Qxa2 15. Bc4 Qa5 16. Nb3 Qb6 17. Nxc5 Qxc5 18. Bd6 1-0

[Event "*** Titled Tuesday Blitz"]
[Site "Chess.com"]
[Date "2020.04.07"]
[Round "8"]
[White "MixMasterChess"]
[Black "meridaandres"]
[Result "1-0"]
[WhiteElo "2130"]
[BlackElo "2265"]
[TimeControl "180+1"]
[EndTime "14:31:15 PDT"]
[Termination "MixMasterChess won by resignation"]

1. e4 g6 2. Nc3 Bg7 3. g3 d6 4. Bg2 e5 5. Nge2 f5 6. O-O Nf6 7. exf5 gxf5 8. d4 e4 9. Bg5 c6 10. Nf4 d5 11. Nh5 Kf7 12. f3 Nbd7 13. fxe4 fxe4 14.
Bh3 Kg6 15. Nxg7 Kxg7 16. Bxd7 Bxd7 17. Bxf6+ Qxf6 18. Rxf6 Kxf6 19. Qh5 Raf8 20. Qe5+ Kg6 21. Qd6+ Rf6 22. Qxd7 Rhf8 23. Qg4+ Kf7 24. Rf1 1-0